 Dungeon Crawl Stone Soup version 0.30-a0-1018-g25214051b3 (webtiles) character file.

Game seed: 4754249355782776877

35275 protoss039 the Unseen (level 13, -10/80 HPs)
             Began as a Vampire Enchanter on Apr 7, 2023.
             Was an Elder of Dithmenos.
             Mangled by a skeletal warrior
             ... wielding a +2 heavy glaive
             ... led by a death knight
              (32 damage)
             ... on level 14 of the Dungeon on Apr 8, 2023.
             The game lasted 00:34:36 (14811 turns).

protoss039 the Unseen (Vampire Enchanter)          Turns: 14811, Time: 00:34:37

Health: -10/80     AC:  8    Str:  7    XL:     13   Next: 46%
Magic:  20/23      EV: 19    Int: 19    God:    Dithmenos [****..]
Gold:   1175       SH:  0    Dex: 24    Spells: 12/26 levels left

rFire   . . .      SeeInvis +    a - +1 dagger
rCold   + + .      Faith    .    (no shield)
rNeg    + + +      Spirit   .    K - +0 steam dragon scales
rPois   ∞          Reflect  .    u - +0 helmet
rElec   .          Rampage  .    F - +0 cloak
rCorr   .                        (no gloves)
Will    ++...                    (no boots) Stlth ***+++++++
                                 (no amulet)
HPRegen 0.00/turn                m - +6 ring of dexterity
MPRegen 0.18/turn                v - ring of willpower

@: about to teleport, bloodless, inhibited regen, wreathed by umbra
A: bloodless, fangs 3, see invisible, vampiric 2
a: Bat Form, Revivify, Renounce Religion, Shadow Step


You were on level 14 of the Dungeon.
You worshipped Dithmenos.
Dithmenos was greatly pleased with you.
You visited 2 branches of the dungeon, and saw 15 of its levels.

You collected 1175 gold pieces.

Inventory:

Hand Weapons
 a - a +1 dagger (weapon)
 t - a +2 whip of electrocution
 w - a +2 trident of venom
 D - the +1 long sword of Indomitability {antimagic, rC+ Int+5 Stlth+}
   (You found it on level 6 of the Dungeon)

   Int:       It affects your intelligence (+5).
   rC:        It protects you from cold.
   Stlth:     It makes you more stealthy.
 E - a +1 hand axe of flaming
 Y - a +2 scimitar of flaming
Missiles
 p - 38 poisoned darts (quivered)
 z - 2 throwing nets
 P - 6 curare-tipped darts
Armour
 u - a +0 helmet (worn)
 A - a +0 leather armour of poison resistance
 F - a +0 cloak (worn)
 K - +0 steam dragon scales (worn)
 O - +0 acid dragon scales
 X - a +2 troll leather armour {Snorg}
Jewellery
 m - a +6 ring of dexterity (left hand)
 v - a ring of willpower (right hand)
 G - a ring of flight
 W - a +6 ring of strength
Wands
 b - a wand of polymorph (11)
 I - a wand of flame (18)
 M - a wand of charming (4)
 R - a wand of quicksilver (11)
 T - a wand of iceblast (5)
Scrolls
 d - a scroll of identify
 e - 2 scrolls of enchant weapon {unknown}
 i - 2 scrolls of magic mapping
 j - a scroll of silence {unknown}
 k - a scroll of teleportation
 l - a scroll of blinking {unknown}
 q - a scroll of butterflies
 s - a scroll of poison {unknown}
 y - 5 scrolls of immolation
 C - 2 scrolls of enchant armour
 H - a scroll of fear
 L - a scroll of torment {unknown}
 N - 2 scrolls of noise {unknown}
 Q - a scroll of fog {unknown}
 S - a scroll of amnesia {unknown}
 V - a scroll of brand weapon {unknown}
Potions
 c - a potion of invisibility
 f - a potion of resistance
 g - 13 potions of heal wounds
 h - 7 potions of curing
 n - 2 potions of might
 o - 2 potions of magic {unknown}
 r - 2 potions of haste
 x - a potion of brilliance {unknown}
 B - a potion of mutation {unknown}
 J - 2 potions of lignification {unknown}
 U - 2 potions of flight {unknown}


   Skills:
 * Level 9.5 Fighting
 + Level 6.4 Short Blades
 - Level 3.0 Throwing
 + Level 4.9 Armour
 + Level 8.4 Dodging
 * Level 16.0 Stealth
 + Level 7.1 Spellcasting
 - Level 3.0 Conjurations
 + Level 11.2 Hexes
 - Level 3.0 Ice Magic
 * Level 7.0 Invocations
 - Level 3.0 Evocations


You had 12 spell levels left.
You knew the following spells:

 Your Spells              Type           Power      Damage    Failure   Level
a - Ensorcelled Hibernat  Hex/Ice        66%        N/A       1%          2
b - Confusing Touch       Hex            49%        N/A       1%          3
c - Tukima's Dance        Hex            49%        N/A       1%          3
d - Dazzling Flash        Conj/Hex       66%        N/A       1%          3
e - Inner Flame           Hex/Fire       28%        N/A       3%          3

Your spell library contained the following spells:

 Spells                   Type           Power      Damage    Failure   Level
 Ozocubu's Armour         Ice            18%        N/A       9%          3
 Beastly Appendage        Tmut           12%        N/A       10%         1
 Anguish                  Hex/Necr       14%        N/A       10%         4
 Wereblood                Tmut           6%         N/A       16%         2
 Yara's Violent Unravell  Hex/Tmut       14%        3d7       28%         5
 Spider Form              Tmut/Pois      6%         N/A       30%         3
 Flame Wave               Conj/Fire      12%        2d6       47%         4
 Sticky Flame             Conj/Fire      12%        2d4       47%         4
 Enfeeble                 Hex            24%        N/A       63%         7
 Ozocubu's Refrigeration  Ice            9%         4d9       100%        7


Dungeon Overview and Level Annotations

Branches:
Dungeon (14/15) Zot: 26330  Temple (1/1) D:6 Zot: 5818    Lair (0/5) D:9
    Orc (0/2) D:12         Vaults (0/5) D:14

Altars:
Ashenzari
Cheibriados
Dithmenos
Fedhas
Gozag
Hepliaklqana
Kikubaaqudgha
Makhleb
Nemelex Xobeh
Okawaru
Qazlal
Ru
Sif Muna
Trog
Uskayaw
Vehumet
Wu Jian
Xom
Yredelemnul

Shops:
D:2 *   D:5 (

Annotations:
D:5 3 runed translucent doors, Stil's ghost, amateur OpTm
D:14 Roxanne


Innate Abilities, Weirdness & Mutations

You do not regenerate when monsters are visible.
You are frail without blood (-20% HP).
You can heal yourself when you bite living creatures.
You are immune to poison.
You have razor-sharp teeth.
You have supernaturally acute eyesight. (SInv)
You are afflicted with vampirism and can become a bat while bloodless.


Message History

Dithmenos accepts your kill. The vampire mosquito misses you.
Casting: Ensorcelled Hibernation (safe; 1% risk of failure)
Confirm with . or Enter, or press ? or * to list all spells.
Aiming: Ensorcelled Hibernation (safe; 1% risk of failure)
Press: ? - help, Shift-Dir - straight line, f - you That would be overly suicidal.
Okay, then.
Unknown command.
Casting: Ensorcelled Hibernation (safe; 1% risk of failure)
Confirm with . or Enter, or press ? or * to list all spells.
Your hands begin to glow red.
The vampire mosquito completely misses you.
The vampire mosquito bites you.
You hit the vampire mosquito but do no damage.
Your shadow hits the vampire mosquito but does no damage.
The vampire mosquito closely misses you. x2
You hit the vampire mosquito but do no damage.
Your punch misses the vampire mosquito. The vampire mosquito misses you.
You hit the vampire mosquito but do no damage.
The vampire mosquito appears confused.
You bite the vampire mosquito.
The vampire mosquito is lightly damaged.
The vampire mosquito barely misses you.
You barely miss the vampire mosquito.
The vampire mosquito is lightly damaged.
The vampire mosquito completely misses you.
You hit the vampire mosquito.
The vampire mosquito is lightly damaged.
Your shadow hits the vampire mosquito with a dagger.
You catch the helpless vampire mosquito completely off-guard!
You stick the vampire mosquito like a pincushion!!!
You destroy the vampire mosquito!
Dithmenos accepts your kill.
The skeletal warrior hits you from afar with a +2 heavy glaive!!
* * * LOW HITPOINT WARNING * * *
There is an open door here.
As you read the scroll of teleportation, it crumbles to dust.
You feel strangely unstable.
The skeletal warrior hits you from afar with a +2 heavy glaive!!
You die...

#.....###..#
z...Z####..#
...p###!#..#
..W###..#..#
..###...'..#
####..†.#..#
...#.....#zW#
....#....##..#
.....'...###@.#
.....#..####..#
#.....#.###.#..#
..####'######..#..#
.###.....###...'..#
###.....###....#..#
##.....###.....#..#
#.....###..)..##..#
.....###.....###..#


You could see a death knight, a skeletal warrior, a freezing wraith, a wraith
and a centaur warrior simulacrum.

Vanquished Creatures
  Snorg (D:14)
  A hydra (D:13)
  3 centaur warriors
  2 boulder beetles
  A catoblepas (D:13)
  A tengu warrior (D:13)
  5 two-headed ogres
  Sonja (D:11)
  Lodul (D:13)
  5 skeletal warriors (D:14)
  A deep elf archer (D:14)
  2 necromancers (D:14)
  A deep elf pyromancer (D:14)
  7 ugly things
  3 manticores
  2 cyclopes
  An elephant (D:9)
  Maurice (D:12)
  A gargoyle (D:12)
  Psyche (D:9)
  An unseen horror (D:11)
  Maggie (D:7)
  A kobold demonologist (D:9)
  2 efreet (D:14)
  6 trolls
  Grinder (D:5)
  Prince Ribbit (D:5)
  A hornet (D:10)
  A wyvern (D:11)
  3 wraiths
  12 slime creatures
  A shadow (D:13)
  20 yaks
  2 basilisks
  2 steam dragons (D:8)
  8 vampire mosquitoes
  3 swamp worms (D:10)
  2 acid dragons
  A water moccasin (D:9)
  4 orc warriors
  2 ice beasts
  3 black bears
  A sky beast (D:6)
  10 centaurs
  12 ogres
  2 kobold brigands
  A bullfrog (D:8)
  A gnoll sergeant (D:7)
  5 scorpions
  7 howler monkeys
  4 hounds
  4 orc priests
  3 iguanas
  4 gnoll boudas
  14 orc wizards
  2 sleepcaps (D:5)
  28 gnolls
  10 adders
  A shadow imp (D:8)
  A white imp (D:6)
  2 worms
  3 dart slugs
  39 orcs
  7 endoplasms
  4 giant cockroaches
  9 hobgoblins
  6 jackals
  3 quokkas
  7 ball pythons
  8 bats
  3 frilled lizards
  9 goblins
  12 kobolds
  2 rats
343 creatures vanquished.

Vanquished Creatures (others)
  3 orcs (D:12)
  3 plants (D:10)
6 creatures vanquished.

Grand Total: 349 creatures vanquished

Notes
Turn   | Place    | Note
-------+----------+-------------------------------------------
     0 | D:1      | protoss039 the Vampire Enchanter began the quest for the
                  | Orb.
     0 | D:1      | Reached XP level 1. HP: 13/13 MP: 3/3
   188 | D:1      | Reached XP level 2. HP: 16/20 MP: 5/5
   915 | D:1      | Learned a level 2 spell: Ensorcelled Hibernation
   969 | D:2      | Found Coesoet's General Store.
   978 | D:2      | Reached skill level 5 in Stealth
  1204 | D:2      | Reached skill level 1 in Fighting
  1240 | D:2      | Gained mutation: You are afflicted with vampirism and can
                  | become a bat while bloodless. [Vampire growth]
  1240 | D:2      | Reached XP level 3. HP: 26/26 MP: 6/6
  1358 | D:2      | Reached XP level 4. HP: 12/32 MP: 2/7
  1635 | D:2      | Found a faded altar of an unknown god.
  1798 | D:2      | Learned a level 3 spell: Confusing Touch
  1917 | D:3      | Reached skill level 6 in Stealth
  1917 | D:3      | Reached skill level 1 in Ice Magic
  1917 | D:3      | Reached XP level 5. HP: 38/38 MP: 8/8
  2139 | D:3      | Reached skill level 5 in Hexes
  2678 | D:3      | Learned a level 3 spell: Tukima's Dance
  2719 | D:4      | Reached XP level 6. HP: 45/46 MP: 0/10
  2779 | D:4      | Found a snail-covered altar of Cheibriados.
  2843 | D:4      | Reached skill level 7 in Stealth
  3207 | D:4      | Reached XP level 7. HP: 52/52 MP: 11/11
  3439 | D:4      | Found a shimmering blue altar of Sif Muna.
  4273 | D:4      | Learned a level 3 spell: Dazzling Flash
  4275 | D:5      | Entered Level 5 of the Dungeon
  4312 | D:5      | Reached skill level 8 in Stealth
  4454 | D:5      | Reached XP level 8. HP: 55/60 MP: 8/13
  4599 | D:5      | Noticed Stil's ghost (amateur OpTm)
  4600 | D:5      | Found a runed translucent gate.
  4600 | D:5      | Found a runed translucent gate.
  4600 | D:5      | Found a runed translucent gate.
  4633 | D:5      | Found Zyple's Antique Weapon Shoppe.
  4693 | D:5      | Noticed Prince Ribbit
  4701 | D:5      | Killed Prince Ribbit
  4702 | D:5      | Reached skill level 9 in Stealth
  4998 | D:5      | Noticed Grinder
  5002 | D:5      | Killed Grinder
  5313 | D:6      | Found a staircase to the Ecumenical Temple.
  5329 | D:6      | Noticed a troll
  5336 | D:6      | Killed a troll
  5337 | D:6      | Reached skill level 5 in Fighting
  5341 | Temple   | Entered the Ecumenical Temple
  5553 | D:6      | Reached XP level 9. HP: 68/68 MP: 13/15
  5652 | D:6      | Reached skill level 10 in Stealth
  5708 | D:6      | Reached skill level 5 in Dodging
  5796 | D:6      | Reached skill level 1 in Throwing
  6080 | D:6      | Found a hide-covered altar of Uskayaw.
  6102 | D:6      | Noticed a purple ugly thing
  6110 | D:6      | Killed a purple ugly thing
  6111 | D:6      | Reached skill level 1 in Armour
  6111 | D:6      | Reached skill level 1 in Conjurations
  6209 | D:6      | Identified the +1 long sword of Indomitability {antimagic,
                  | rC+ Int+5 Stlth+}
  7310 | D:7      | Noticed Maggie
  7317 | D:7      | Killed Maggie
  7318 | D:7      | Reached skill level 11 in Stealth
  7318 | D:7      | Reached skill level 1 in Evocations
  7662 | D:8      | Found a broken altar of Ashenzari.
  7702 | D:8      | Reached XP level 10. HP: 76/76 MP: 12/17
  7927 | D:8      | Found a faded altar of an unknown god.
  7927 | D:8      | Found a shadowy altar of Dithmenos.
  7934 | D:8      | Found a burning altar of Makhleb.
  7936 | D:8      | Found a faded altar of an unknown god.
  7938 | D:8      | Found a sacrificial altar of Ru.
  7978 | D:8      | Became a worshipper of Dithmenos the Shadowed
  8205 | D:9      | Noticed Psyche
  8215 | D:9      | Killed Psyche
  8216 | D:9      | Reached skill level 1 in Invocations
  8794 | D:9      | Reached skill level 5 in Spellcasting
  8977 | D:9      | Found a staircase to the Lair.
  8977 | D:9      | Noticed an elephant
  8987 | D:9      | Killed an elephant
  8988 | D:9      | Reached skill level 12 in Stealth
  8990 | D:9      | Reached * piety under Dithmenos
  9235 | D:10     | Entered Level 10 of the Dungeon
  9275 | D:9      | Reached XP level 11. HP: 66/66 MP: 16/19
  9706 | D:10     | Found a blossoming altar of Fedhas.
  9706 | D:10     | Found an ancient bone altar of Kikubaaqudgha.
  9790 | D:10     | Reached skill level 5 in Short Blades
 10098 | D:11     | Noticed a two-headed ogre
 10105 | D:11     | Killed a two-headed ogre
 10285 | D:11     | Noticed a boulder beetle
 10295 | D:11     | Killed a boulder beetle
 10356 | D:11     | Reached ** piety under Dithmenos
 10453 | D:11     | Reached skill level 13 in Stealth
 10544 | D:11     | Noticed Sonja
 10578 | D:11     | Killed Sonja
 11160 | D:12     | Noticed a two-headed ogre
 11212 | D:12     | Killed a two-headed ogre
 11397 | D:12     | Noticed Maurice
 11403 | D:12     | Killed Maurice
 11441 | D:12     | Reached *** piety under Dithmenos
 11446 | D:12     | Reached XP level 12. HP: 73/73 MP: 9/21
 11543 | D:12     | Noticed a two-headed ogre
 11809 | D:13     | Noticed Lodul
 12323 | D:12     | Killed a two-headed ogre
 12324 | D:12     | Reached skill level 14 in Stealth
 12324 | D:12     | Reached skill level 5 in Invocations
 12493 | D:12     | Reached skill level 10 in Hexes
 12578 | D:12     | Found a staircase to the Orcish Mines.
 12596 | D:12     | Learned a level 3 spell: Inner Flame
 12686 | D:13     | Killed Lodul
 12943 | D:12     | HP: 1/74 [slime creature (11)]
 13480 | D:13     | Noticed a catoblepas
 13483 | D:13     | Killed a catoblepas
 13581 | D:13     | Noticed a tengu warrior
 13585 | D:13     | Killed a tengu warrior
 13644 | D:13     | Reached **** piety under Dithmenos
 13672 | D:13     | Noticed a centaur warrior
 13685 | D:13     | Killed a centaur warrior
 13686 | D:13     | Reached skill level 15 in Stealth
 13750 | D:13     | Noticed an eight-headed hydra
 13756 | D:13     | Killed an eight-headed hydra
 14042 | D:13     | Noticed a centaur warrior
 14046 | D:13     | Killed a centaur warrior
 14135 | D:14     | Noticed Snorg
 14146 | D:14     | Killed Snorg
 14221 | D:14     | Identified Roxanne's Folio of Lithomancy
 14221 | D:14     | Noticed Roxanne
 14258 | D:14     | Noticed a two-headed ogre
 14265 | D:14     | Killed a two-headed ogre
 14268 | D:14     | Found a gate to the Vaults.
 14268 | D:14     | Noticed a two-headed ogre
 14272 | D:14     | Killed a two-headed ogre
 14273 | D:14     | Reached XP level 13. HP: 80/80 MP: 23/23
 14718 | D:14     | Reached skill level 16 in Stealth
 14811 | D:14     | Mangled by a skeletal warrior

Illustrated notes

Levels and vault maps discovered:
D:1:      psy_arrival_statuary, layout_loops_corners,
          hangedman_decor_clover_reticule
D:2:      kennysheep_six_static_rooms, layout_basic, serial_shops,
          nicolae_shop_crystal, shapermc_ecumenical_altar_mp_vishouse
D:3:      layout_rooms
D:4:      layout_basic, lemuel_crystal_altar, lemuel_coloured_pillars_altar,
          minmay_starry_boxes
D:5:      layout_basic, gammafunk_ghost_split, serial_shops, kennysheep_mini,
          uniq_prince_ribbit1, uniq_grinder
D:6:      layout_loops_cross, nicolae_uskayaw_suspiria,
          minmay_temple_entry_ruins, chequers_serial_rivers_room_b
D:7:      layout_gridville, grunt_decor_cap, uniq_maggie
D:8:      layout_layer_cave, nicolae_ashenzari_skybound,
          chequers_temple_overflow_minitemple, enter_bailey_5
D:9:      layout_rooms, david_lair_generic, uniq_psyche
D:10:     layout_rooms, grunt_temple_overflow_growth_and_decay, worms_lemuel
D:11:     layout_roguey, item_on_display_a, uniq_sonja
D:12:     layout_rooms, hiddenorc1_lemuel, uniq_maurice
D:13:     layout_stronghold, uniq_lodul
D:14:     minmay_gate_of_8, layout_cave_pools, david_vaults_1,
          hangedman_glass_teeth, minmay_quadrilaterals, uniq_snorg,
          uniq_frances, uniq_roxanne
Temple:   hellmonk_temple_forest_ring

Skill      XL: |  1  2  3  4  5  6  7  8  9 10 11 12 13 |
---------------+----------------------------------------+-----
Stealth        | 5 6 7 8 9 11 12 13 15 16 | 16.0
Fighting       | 1 2 3 5 6 7 9 |  9.5
Ice Magic      | 1 2 3 |  3.0
Short Blades   | 2 3 4 5 6 |  6.4
Hexes          | 5 6 7 8 9 10 11 | 11.2
Dodging        | 3 4 5 6 7 8 |  8.4
Spellcasting   | 3 4 5 6 7 |  7.1
Throwing       | 2 3 |  3.0
Armour         | 1 2 3 4 |  4.9
Conjurations   | 1 2 3 |  3.0
Evocations     | 1 2 3 |  3.0
Invocations    | 2 4 6 7 |  7.0

Action                     |  1- 3 |  4- 6 |  7- 9 | 10-12 | 13-15 || total
---------------------------+-------+-------+-------+-------+-------++-------
  Melee: Dagger            |    75 |   130 |   175 |   348 |    50 ||   778
         Bite              |     6 |    16 |    11 |    41 |     4 ||    78
         Punch             |     1 |     4 |     3 |     6 |     1 ||    15
         Trident           |       |       |     1 |       |       ||     1
   Cast: Ensorcelled Hiber |    11 |    40 |    89 |    96 |    25 ||   261
         Dazzling Flash    |       |       |     3 |    10 |       ||    13
         Confusing Touch   |       |       |       |    25 |     4 ||    29
         Tukima's Dance    |       |       |       |     1 |       ||     1
Ability: Exsanguinate      |       |       |       |     1 |       ||     1
  Evoke: Wand              |       |       |       |    14 |     3 ||    17
    Use: Potion            |     1 |     1 |       |     1 |       ||     3
         Scroll            |       |     6 |     1 |     8 |     1 ||    16
   Stab: Sleeping          |    18 |    33 |    85 |   102 |    18 ||   256
         Invisible         |     2 |       |       |     9 |       ||    11
         Distracted        |       |       |     1 |       |       ||     1
         Confused          |       |       |       |    28 |     5 ||    33
 Armour: Robe              |     5 |    23 |     9 |       |       ||    37
         Leather armour    |       |       |    11 |       |       ||    11
         Steam dragon scal |       |       |       |    82 |     9 ||    91
  Dodge: Dodged            |    34 |   110 |   126 |   352 |    77 ||   699

Table legend: (Time is in decaauts)
 A = Elapsed time spent in this place.
 B = Non-inter-level travel time spent in this place.
 C = Inter-level travel time spent in this place.
 D = Time resting spent in this place.
 E = Time spent auto-exploring this place.
 F = Levels seen in this place.
 G = Mean time per level.
                   A        B        C        D        E       F      G
               +--------+--------+--------+--------+--------+-----+--------+
         Total |  14684 |  14091 |    593 |   1844 |   9176 |  15 |  978.9 |
       Dungeon |  14502 |  13919 |    583 |   1844 |   9015 |  14 | 1035.9 |
        Temple |    181 |    171 |     10 |      0 |    161 |   1 |  181.0 |
               +--------+--------+--------+--------+--------+-----+--------+

Top non-repeatable levels by time:
    D:12: 1623 daAuts
     D:4: 1582 daAuts
    D:13: 1434 daAuts
     D:8: 1215 daAuts
     D:6: 1191 daAuts
     D:5: 1015 daAuts
    D:11: 943 daAuts
     D:1: 914 daAuts
     D:2: 883 daAuts
     D:3: 868 daAuts
    D:10: 785 daAuts
     D:7: 718 daAuts
    D:14: 668 daAuts
     D:9: 657 daAuts
  Temple: 181 daAuts
